 Dungeon Crawl Stone Soup version 0.31-a0-865-g3d5d91748a (webtiles) character file.

Game seed: 3340709758209326112

187 Azuregosa the Magician (level 5, -10/24 HPs)
             Began as a Spriggan Fire Elementalist on Oct 10, 2023.
             Was an Initiate of Gozag.
             Killed by nerve-wracking pain
             ... invoked by an orc priest
              (14 damage)
             ... on level 4 of the Dungeon.
             The game lasted 00:14:36 (3030 turns).

Azuregosa the Magician (Spriggan Fire Elementalist) Turns: 3030, Time: 00:14:37

Health: -10/24     AC:  2    Str:  4    XL:     5   Next: 39%
Magic:  1/13       EV: 17    Int: 18    God:    Gozag
Gold:   451        SH:  0    Dex: 16    Spells: 11/14 levels left

rFire   . . .        c - +0 spear
rCold   . . .        (no shield)
rNeg    . . .        a - +0 robe
rPois   .            (helmet restricted)
rElec   .            (no cloak)
rCorr   .            (gloves unavailable)
SInv    +            (boots unavailable)
Will    .....        g - amulet of regeneration
Stlth   ++           (no ring)
HPRegen 1.04/turn    (no ring)
MPRegen 0.13/turn

%: no passive effects
@: gold aura, very quick
A: very small, no large weapons, unfitting armour, see invisible, speed 3
a: Renounce Religion, Potion Petition, Call Merchant, Bribe Branch


You were on level 4 of the Dungeon.
You worshipped Gozag.
Gozag was aware of your devotion.
You visited 1 branch of the dungeon, and saw 4 of its levels.

You collected 478 gold pieces.
You paid 27 gold pieces to Gozag.

Inventory:

Hand Weapons
 c - a +0 spear (weapon)
 m - a +0 short sword of draining
Missiles
 f - 5 poisoned darts
Armour
 a - a +0 robe (worn)
Jewellery
 g - an amulet of regeneration (around neck)
Scrolls
 e - a scroll of revelation {unknown}
 h - a scroll of fear {unknown}
 l - a scroll of summoning {unknown}
Potions
 b - a potion of magic
 d - a potion of heal wounds {unknown}
 i - a potion of degeneration {unknown}
 j - a potion of curing {unknown}
 k - a potion of resistance {unknown}


   Skills:
 - Level 2.6 Dodging
 - Level 3.0 Stealth
 + Level 5.2 Spellcasting
 + Level 2.0 Conjurations
 + Level 3.3 Fire Magic


You had 11 spell levels left.
You knew the following spells:

 Your Spells              Type           Power      Damage    Failure   Level
a - Foxfire               Conj/Fire      56%        2x1d6     4%          1
b - Scorch                Fire           32%        2d6       4%          2

Your spell library contained the following spells:

 Spells                   Type           Power      Damage    Failure   Level
 Slow                     Hex            16%        N/A       13%         1
 Lesser Beckoning         Tloc           8%         N/A       21%         2
 Inner Flame              Hex/Fire       10%        N/A       21%         3
 Volatile Blastmotes      Fire/Tloc      20%        2d11      21%         3
 Confusing Touch          Hex            4%         N/A       36%         3
 Gell's Gravitas          Tloc           4%         N/A       36%         3
 Sigil of Binding         Hex            4%         N/A       36%         3
 Teleport Other           Tloc           4%         N/A       36%         3
 Vampiric Draining        Necr           4%         2d6       36%         3
 Flame Wave               Conj/Fire      14%        2d6       41%         4
 Plasma Beam              Fire/Air       5%         2x1d15    100%        6
 Starburst                Conj/Fire      7%         6d4       100%        6


Dungeon Overview and Level Annotations

Branches:
Dungeon (4/15)
 Temple: D:4-7

Altars:
Gozag

Annotations:
D:3 3 runed translucent doors, Sigmund; fetfluga's ghost, amateur DrSh


Innate Abilities, Weirdness & Mutations

You are very small and have problems with some larger weapons.
You are too small for most types of armour.
You have supernaturally acute eyesight. (SInv)
You cover ground extremely quickly. (Speed+++)


Message History

The orc wizard flickers and vanishes for a moment.
Casting: Scorch (safe; 5% risk of failure)
Confirm with . or Enter, or press ? or * to list all spells.
You don't know that spell.
Unknown command.
Casting: Scorch (safe; 5% risk of failure)
Confirm with . or Enter, or press ? or * to list all spells.
Flames lash the orc wizard.
The orc wizard is burned terribly!
The orc wizard is almost dead.
The orc is no longer more vulnerable to fire.
The orc misses you. The orc priest completely misses you.
The orc wizard hits you with a +0 dagger.
Casting: Scorch (safe; 5% risk of failure)
Confirm with . or Enter, or press ? or * to list all spells.
You don't have enough magic to cast this spell.
Casting: Scorch (safe; 5% risk of failure)
Confirm with . or Enter, or press ? or * to list all spells.
You conjure some foxfire!
The orc is distracted by your dazzling golden aura.
The orc priest hits you with a +0 dagger.
The orc wizard casts a spell at you. The puff of flame hits you!
* * * LOW HITPOINT WARNING * * *
The orc shouts!
The foxfire hits the orc wizard.
The orc wizard is burned terribly!
You kill the orc wizard!
The foxfire hits the orc.
The orc is moderately wounded.
Your Conjurations skill increases to level 2!
Reach: c) +0 spear
Press: ? - help, Dir - move target, f - orc priest
Aim: an orc priest, wielding a +0 dagger and wearing a +0 chain mail (heavily wounded, more vulnerable to fire, about 31% to evade your +0 spear)
You hit the orc priest but do no damage.
The orc priest is heavily wounded.
The orc priest is no longer more vulnerable to fire.
The orc priest invokes the aid of Beogh against you.
Pain shoots through your body!
Ouch! That really hurt!
You die...
Your body crumbles into a pile of gold.

###########
#..........
#....$...
#......
#.oo.#######
###o##.....#
#.@ยงยง#.....#
#....#.....#
#....#.....#
#....#.....#
#####'#.....#
#....<)######
#....).#
#...).)#
#......#


You could see an orc priest and an orc.

Vanquished Creatures
  An orc priest (D:4)
  An orc wizard (D:4)
  6 adders
  2 worms
  2 dart slugs
  7 orcs
  2 ball pythons
  5 bats
  6 endoplasms
  4 giant cockroaches
  3 goblins
  7 hobgoblins
  2 jackals (D:1)
  2 quokkas
  2 frilled lizards (D:1)
  4 kobolds
  8 rats
64 creatures vanquished.

Vanquished Creatures (others)
  85 foxfires
85 creatures vanquished.

Grand Total: 149 creatures vanquished

Notes
Turn   | Place    | Note
-------+----------+-------------------------------------------
     0 | D:1      | Azuregosa the Spriggan Fire Elementalist began the quest
                  | for the Orb.
     0 | D:1      | Reached XP level 1. HP: 9/9 MP: 5/5
    76 | D:1      | Reached skill level 3 in Spellcasting
   186 | D:2      | Found an opulent altar of Gozag.
   220 | D:1      | Reached XP level 2. HP: 13/13 MP: 2/7
   354 | D:2      | Became a worshipper of Gozag Ym Sagoz the Greedy
   475 | D:1      | Reached skill level 4 in Spellcasting
   615 | D:1      | Learned a level 2 spell: Scorch
   727 | D:1      | Reached XP level 3. HP: 16/16 MP: 6/9
   766 | D:1      | You fall into a shaft and drop 1 floor!
   803 | D:2      | Reached skill level 1 in Conjurations
   899 | D:2      | Found a faded altar of an unknown god.
   900 | D:2      | Noticed a floating eye
   903 | D:2      | Noticed an eye of devastation
   904 | D:2      | Noticed a shining eye
   904 | D:2      | Noticed an eye of devastation
  1514 | D:2      | Reached XP level 4. HP: 21/21 MP: 1/11
  2228 | D:3      | Noticed fetfluga's ghost (amateur DrSh)
  2235 | D:3      | Found a runed translucent gate.
  2235 | D:3      | Found a runed translucent gate.
  2237 | D:3      | Found a runed translucent gate.
  2244 | D:3      | Noticed Sigmund
  2882 | D:4      | Reached skill level 5 in Spellcasting
  2882 | D:4      | Reached XP level 5. HP: 19/24 MP: 3/13
  3030 | D:4      | Killed from afar by an orc priest

Illustrated notes

Levels and vault maps discovered:
D:1:      elethiomel_arrival_infinity_welcomes_careful_drivers, layout_rooms
D:2:      layout_loops_ring, hellmonk_ecumenical_altar_watching_god,
          basic_altar, minmay_pentomino_u2
D:3:      layout_basic, gammafunk_ghost_split, minmay_lizard_king, uniq_sigmund
D:4:      layout_gridville, amethyst_overflow_temple_binary,
          mainiacjoe_overflow_cross_hatched, minmay_temple_entry_glassed_door,
          serial_undead, serial_undead_e, serial_undead_f, serial_undead_a,
          serial_undead_a

Skill      XL: |  1  2  3  4  5 |
---------------+----------------+-----
Spellcasting   | 3 4 5 |  5.2
Conjurations   | 1 2 |  2.0
Fire Magic     | 3 |  3.3
Dodging        | |  2.6
Stealth        | |  3.0

Action                     |  1- 3 |  4- 6 || total
---------------------------+-------+-------++-------
  Melee: Unarmed           |     2 |       ||     2
         Spear             |       |    12 ||    12
   Cast: Foxfire           |    37 |    20 ||    57
         Scorch            |    23 |    30 ||    53
   Stab: Sleeping          |       |     1 ||     1
 Armour: Robe              |    19 |    17 ||    36
  Dodge: Dodged            |    29 |    22 ||    51

Table legend: (Time is in decaauts)
 A = Elapsed time spent in this place.
 B = Non-inter-level travel time spent in this place.
 C = Inter-level travel time spent in this place.
 D = Time resting spent in this place.
 E = Time spent auto-exploring this place.
 F = Levels seen in this place.
 G = Mean time per level.
                   A        B        C        D        E       F      G
               +--------+--------+--------+--------+--------+-----+--------+
         Total |   2348 |   2333 |     15 |    403 |   1293 |   4 |  587.0 |
       Dungeon |   2348 |   2333 |     15 |    403 |   1293 |   4 |  587.0 |
               +--------+--------+--------+--------+--------+-----+--------+

Top non-repeatable levels by time:
     D:1: 946 daAuts
     D:2: 739 daAuts
     D:3: 519 daAuts
     D:4: 142 daAuts
